 Dungeon Crawl Stone Soup version 0.23.2-33-g5129a83184 (webtiles) character file.

Game seed: 7700190825275601933

805 FishyPogo the Covert (level 7, -1/52 HPs)
             Began as a Vampire Assassin on Aug 9, 2019.
             Was a Follower of Yredelemnul.
             Slain by an orc warrior
             ... wielding a +0 scimitar
              (16 damage)
             ... on level 6 of the Dungeon.
             The game lasted 00:23:25 (4812 turns).

FishyPogo the Covert (Vampire Assassin)             Turns: 4812, Time: 00:23:25

Health: -1/52      AC:  7    Str:  9 (10) XL:     7   Next: 60%
Magic:  7/7        EV: 15    Int: 15 (16) God:    Yredelemnul [*.....]
Gold:   346        SH:  0    Dex: 18      Spells: 6/6 levels left

rFire    . . .     SeeInvis +   a - +2 dagger
rCold    . . .     Gourm    .   (no shield)
rNeg     + + +     Faith    +   z - +2 robe of Idim {rN++ Int+3}
rPois    .         Spirit   .   t - +0 helmet
rElec    .         Reflect  .   d - +1 cloak
rCorr    .         Harm     .   (no gloves)
MR       .....                  (no boots)
Stlth    ++++......             c - amulet of faith
HPRegen  0.17/turn              (no ring)
MPRegen  0.10/turn              (no ring)

@: no status effects
A: fangs 3, see invisible, unbreathing
a: Bat Form, Animate Remains, Renounce Religion


You were on level 6 of the Dungeon.
You worshipped Yredelemnul.
Yredelemnul was aware of your devotion.
You were not thirsty.

You visited 1 branch of the dungeon, and saw 6 of its levels.

You collected 346 gold pieces.

Inventory:

Hand Weapons
 a - a +2 dagger (weapon)
 b - a +1 blowgun
Missiles
 f - 2 curare-tipped needles
 g - 16 poisoned needles
 j - 129 stones (quivered)
 m - 5 needles of confusion
Armour
 d - a +1 cloak (worn)
 t - a +0 helmet (worn)
 z - the +2 robe of Idim (worn) {rN++ Int+3}
   (You found it on level 5 of the Dungeon)

   It affects your intelligence (+3).
   It greatly protects you from negative energy.
Jewellery
 c - an amulet of faith (around neck)
Wands
 x - a wand of clouds (4)
Scrolls
 h - 3 scrolls of enchant armour
 i - 9 scrolls of teleportation
 l - a scroll of identify
 n - a scroll of immolation
 r - a scroll of fog
Potions
 e - 15 potions of blood
 o - 2 potions of flight {unknown}
 p - a potion of lignification
 q - a potion of magic
 s - 2 potions of brilliance
 u - 3 potions of curing
 w - 2 potions of cancellation {unknown}
 A - a potion of agility


   Skills:
 + Level 3.2 Fighting
 + Level 4.1 Short Blades
 + Level 3.0 Throwing
 * Level 5.0 Dodging
 * Level 9.3 Stealth


You had 6 spell levels left.
You didn't know any spells.
Your spell library was empty.

Dungeon Overview and Level Annotations

Branches:
Dungeon (6/15)             Temple (0/1) D:4

Altars:
Ashenzari
Dithmenos
Uskayaw
Wu Jian
Xom
Yredelemnul

Annotations:
D:2 1 runed translucent door, Crazy Yiuf


Innate Abilities, Weirdness & Mutations

You have razor-sharp teeth.
You have supernaturally acute eyesight. (SInv)
You can survive without breathing.


Message History

You hit the orc warrior but do no damage.
The worker ant bites you but does no damage.
You hit the worker ant.
The worker ant is lightly wounded.
The worker ant bites you but does no damage.
The orc warrior hits you with a +0 scimitar!!
You barely miss the worker ant.
The worker ant is lightly wounded.
The worker ant bites you.
You hit the worker ant.
The worker ant is moderately wounded.
The worker ant closely misses you.
The orc warrior hits you with a +0 scimitar!!
* * * LOW HITPOINT WARNING * * *
You barely miss the worker ant. Your bite misses the worker ant.
The worker ant is moderately wounded.
The worker ant barely misses you.
The orc warrior hits you with a +0 scimitar!
You die...
Yredelemnul claims you as an undead slave.

#.# #.# #o# #o# #o#
#o# #o# #@# ####
##a##
.....#...##########
#................#
#.#............<>####
#.........#..)....##
#.#.........#####..#
#.#####...#.# #..##
#. #......# #....


You could see an orc warrior, a worker ant, an orc priest, an orc wizard and 2
orcs.

Vanquished Creatures
  A phantom (D:4)
  An ogre (D:5)
  A scorpion (D:4)
  A howler monkey (D:4)
  A hound (D:5)
  An orc priest (D:4)
  2 bullfrog skeletons
  2 orc wizards (D:4)
  Jessica (D:2)
  An iguana (D:4)
  4 worker ants
  A hound zombie (D:5)
  A howler monkey skeleton (D:4)
  6 adders
  2 shadow imps (D:5)
  2 oozes
  A worm (D:4)
  5 dart slugs
  5 leopard geckos
  14 orcs
  6 giant cockroaches
  2 gnoll zombies (D:3)
  8 goblins
  6 hobgoblins
  4 jackals (D:5)
  4 kobolds
  4 quokkas
  12 bats
  7 frilled lizards
  A leopard gecko skeleton (D:4)
  2 quokka skeletons
  A quokka zombie (D:6)
  8 rats
118 creatures vanquished.

Notes
Turn   | Place    | Note
-------+----------+-------------------------------------------
     0 | D:1      | FishyPogo the Vampire Assassin began the quest for the Orb.
     0 | D:1      | Reached XP level 1. HP: 16/16 MP: 1/1
   109 | D:1      | Reached skill level 6 in Stealth
   157 | D:1      | Reached XP level 2. HP: 17/22 MP: 2/2
   598 | D:1      | Reached XP level 3. HP: 25/27 MP: 3/3
  1014 | D:2      | Found a hide-covered altar of Uskayaw.
  1099 | D:2      | Noticed Jessica
  1118 | D:2      | Killed Jessica
  1118 | D:2      | Reached XP level 4. HP: 32/33 MP: 4/4
  1487 | D:2      | Found a runed translucent door.
  1488 | D:2      | Noticed Crazy Yiuf
  1653 | D:3      | Reached skill level 7 in Stealth
  1988 | D:3      | Reached XP level 5. HP: 24/38 MP: 5/5
  2064 | D:3      | Found a basalt altar of Yredelemnul.
  2079 | D:3      | Became a worshipper of Yredelemnul the Dark
  2816 | D:4      | Found a shimmering altar of Xom.
  2824 | D:4      | Found a shimmering altar of Xom.
  3044 | D:4      | Found a shimmering altar of Xom.
  3122 | D:4      | Reached XP level 6. HP: 46/46 MP: 6/6
  3130 | D:4      | Reached skill level 8 in Stealth
  3828 | D:4      | Found a shattered altar of Ashenzari.
  3874 | D:4      | Found a staircase to the Ecumenical Temple.
  3875 | D:4      | Reached * piety under Yredelemnul
  3980 | D:4      | Reached XP level 7. HP: 13/52 MP: 7/7
  4194 | D:5      | Entered Level 5 of the Dungeon
  4293 | D:5      | Found an ornate altar of the Wu Jian Council.
  4331 | D:5      | Reached skill level 9 in Stealth
  4518 | D:5      | Got an opalescent robe
  4529 | D:5      | Identified the +2 robe of Idim {rN++ Int+3} (You found it
                  | on level 5 of the Dungeon)
  4548 | D:5      | Reached skill level 5 in Dodging
  4784 | D:6      | Found a shadowy altar of Dithmenos.
  4812 | D:6      | Slain by an orc warrior

Skill      XL: |  1  2  3  4  5  6  7 |
---------------+----------------------+-----
Stealth        | 6 7 8 9 |  9.3
Fighting       | 2 3 |  3.2
Dodging        | 2 3 4 5 |  5.0
Throwing       | 2 3 |  3.0
Short Blades   | 3 4 |  4.1

Action                   |  1- 3 |  4- 6 |  7- 9 || total
-------------------------+-------+-------+-------++-------
Melee: Dagger            |    95 |   248 |    33 ||   376
       Bite              |    11 |    25 |     4 ||    40
 Fire: Blowgun           |     9 |    15 |     3 ||    27
       Fustibalus        |       |       |    56 ||    56
Throw: Stone             |     8 |    41 |       ||    49
 Abil: End Transformatio |       |     5 |       ||     5
       Bat Form          |       |     5 |       ||     5
  Use: Potion            |       |    12 |       ||    12
       Scroll            |       |     4 |     8 ||    12
 Stab: Sleeping          |     7 |    17 |     3 ||    27
  Eat: Corpse            |       |     1 |       ||     1
Armor: Robe              |    26 |    23 |     4 ||    53
       Leather armour    |       |    11 |     6 ||    17
Dodge: Dodged            |    51 |   117 |    42 ||   210
